 Dungeon Crawl Stone Soup version 0.20.1-1-g8b1a95d (webtiles) character file.

191 Cryoshakespeare the Slasher (level 5, -5/38 HPs)
             Began as a Mummy Gladiator on Nov 3, 2017.
             Killed by divine providence
             ... invoked by an orc priest
              (13 damage)
             ... on level 3 of the Dungeon.
             The game lasted 00:06:20 (2496 turns).

Cryoshakespeare the Slasher (Mummy Gladiator)       Turns: 2496, Time: 00:06:21

Health: -5/38      AC:  4    Str: 18    XL:     5   Next: 41%
Magic:  5/5        EV: 12    Int:  7    God:
Gold:   122        SH:  0    Dex: 14    Spells: 4/4 levels left

rFire    x . .     SeeInvis .   a - +0 long sword
rCold    + . .     Gourm    .   (no shield)
rNeg     + + +     Faith    .   b - +0 leather armour (curse)
rPois    ∞         Spirit   .   c - +0 helmet
rElec    .         Reflect  .   (no cloak)
rCorr    .         Harm     .   (no gloves)
MR       .....     Rnd*Tele +   (no boots)
Stlth    ..........             (no amulet)
Regen    0.2/turn               j - ring of teleportation (curse)
MPRegen  0.1/turn               k - ring of loudness (curse)

@: no status effects
A: no food or potions, fire vulnerability, cold resistance 1, negative energy
resistance 3, torment resistance, unbreathing
a: no special abilities


You were on level 3 of the Dungeon.
You were not hungry.

You visited 1 branch of the dungeon, and saw 3 of its levels.

You collected 122 gold pieces.

Inventory:

Hand Weapons
 a - a +0 long sword (weapon)
Missiles
 d - 3 throwing nets (quivered)
 h - 5 tomahawks of returning
Armour
 b - a cursed +0 leather armour (worn)
 c - a +0 helmet (worn)
 f - a +0 scale mail
 i - a +0 ring mail
Jewellery
 j - a cursed ring of teleportation (left hand)
 k - a cursed ring of loudness (right hand)
Scrolls
 e - a scroll of amnesia
 g - 6 scrolls of identify


   Skills:
 - Level 2.0 Fighting
 + Level 5.1 Long Blades
 - Level 1.5 Throwing
 - Level 2.4 Dodging


You had 4 spell levels left.
You didn't know any spells.

Dungeon Overview and Level Annotations

Branches:
Dungeon (3/15)

Altars:
Elyvilon
Nemelex Xobeh
Qazlal
Vehumet
Yredelemnul


Innate Abilities, Weirdness & Mutations

You do not eat or drink.
Your flesh is vulnerable to fire.
You are immune to poison.
Your flesh is cold resistant. (rC+)
You are immune to negative energy. (rN+++)
You are immune to unholy pain and torment.
You can survive without breathing.


Message History

You closely miss the orc.
The orc is heavily wounded.
The orc closely misses you. The orc hits you with a morningstar.
* * * LOW HITPOINT WARNING * * *
You closely miss the orc.
The orc is heavily wounded.
The orc barely misses you.
You riposte.
You slash the orc!
You kill the orc!
The orc misses you.
You hit the orc but do no damage. The orc hits you but does no damage.
You slash the orc!
You kill the orc!
You slash the orc!
You kill the orc!
You barely miss the orc priest. The orc priest hits you with a dagger.
* * * LOW HITPOINT WARNING * * *
You hit the orc priest but do no damage.
The orc priest calls down the wrath of Beogh upon you.
Beogh smites you!
You die...

## ## . #.# .# #.#
.# #.# ..###. #
#.#####......
#.#######.))#.....#
#...8...#@#.o....#
.#.....###o##..###
##.P..# ### ....
#.....# ####
#.###### # ### ##.#
####...


You could see an orc priest.

Vanquished Creatures
  An orc wizard (D:3)
  A hound zombie (D:3)
  A hound skeleton (D:3)
  A worker ant zombie (D:3)
  5 adders
  2 oozes
  2 worms (D:2)
  3 dart slugs
  7 orcs (D:3)
  A giant cockroach (D:1)
  5 goblins
  2 hobgoblins
  8 jackals
  3 quokkas (D:3)
  2 bats
  4 frilled lizards
  A giant cockroach zombie (D:3)
  A jackal skeleton (D:3)
  4 kobolds
  3 rats
57 creatures vanquished.

Notes
Turn   | Place    | Note
-------+----------+-------------------------------------------
     0 | D:1      | Cryoshakespeare the Mummy Gladiator began the quest for the Orb.
     0 | D:1      | Reached XP level 1. HP: 16/16 MP: 1/1
   186 | D:1      | Reached XP level 2. HP: 22/22 MP: 2/2
   282 | D:1      | Reached skill level 3 in Long Blades
   783 | D:2      | Reached XP level 3. HP: 27/27 MP: 3/3
  1250 | D:2      | Reached skill level 4 in Long Blades
  1357 | D:2      | Reached XP level 4. HP: 29/33 MP: 4/4
  1621 | D:3      | Found a radiant altar of Vehumet.
  1621 | D:3      | Found a white marble altar of Elyvilon.
  1626 | D:3      | Found a stormy altar of Qazlal.
  1628 | D:3      | Found a basalt altar of Yredelemnul.
  1629 | D:3      | Found a sparkling altar of Nemelex Xobeh.
  1975 | D:3      | Reached XP level 5. HP: 24/38 MP: 5/5
  2378 | D:3      | Reached skill level 5 in Long Blades
  2496 | D:3      | Killed from afar by an orc priest

Skill      XL: |  1  2  3  4  5 |
---------------+----------------+-----
Long Blades    | 3 4 5 |  5.1
Fighting       | |  2.0
Throwing       | |  1.5
Dodging        | |  2.4

Action                   |  1- 3 |  4- 6 || total
-------------------------+-------+-------++-------
Melee: Long sword        |    98 |   101 ||   199
  Use: Scroll            |       |     3 ||     3
 Stab: Sleeping          |     1 |       ||     1
Armor: Leather armour    |    19 |    27 ||    46
       Ring mail         |     3 |       ||     3
Dodge: Dodged            |    65 |    85 ||   150
       Rpst.: Long sword |    23 |    28 ||    51
